 Dungeon Crawl Stone Soup version 0.30-a0-52-g86a8295270 (webtiles) character file.

Game seed: 13499606453704119292

688 biggindude the Chopper (level 7, 0/61 HPs)
             Began as a Minotaur Berserker on Sept 7, 2022.
             Was a Believer of Trog.
             Slain by an ice beast (1 damage)
             ... on level 6 of the Dungeon.
             The game lasted 00:05:50 (3036 turns).

biggindude the Chopper (Minotaur Berserker)         Turns: 3036, Time: 00:05:50

Health: 0/61       AC:  7    Str: 24    XL:     7   Next: 36%
Magic:  6/6        EV: 11    Int:  4    God:    Trog [**....]
Gold:   144        SH:  0    Dex:  9    Spells: 6/6 levels left

rFire   . . .      SeeInvis .    a - +0 hand axe
rCold   . . .      Faith    .    (no shield)
rNeg    . . .      Spirit   .    e - +0 scale mail
rPois   .          Reflect  .    (helmet restricted)
rElec   .          Harm     .    (no cloak)
rCorr   .          Rampage  .    (no gloves)
Will    .....                    (no boots)
Stlth   ..........               (no amulet)
HPRegen 0.20/turn                (no ring)
MPRegen 0.10/turn                (no ring)

@: on berserk cooldown, slowed, very slow
A: horns 2, retaliatory headbutt
a: Renounce Religion, Berserk, Trog's Hand


You were on level 6 of the Dungeon.
You worshipped Trog.
Trog was pleased with you.
You visited 1 branch of the dungeon, and saw 6 of its levels.

You collected 144 gold pieces.

Inventory:

Hand Weapons
 a - a +0 hand axe (weapon)
Armour
 b - a +0 animal skin
 e - a +0 scale mail (worn)
Wands
 r - a wand of mindburst (8)
Scrolls
 c - 5 scrolls of identify {unknown}
 f - 3 scrolls of teleportation {unknown}
 k - a scroll of fear {unknown}
 l - a scroll of blinking {unknown}
 s - a scroll of immolation {unknown}
 t - a scroll of enchant weapon {unknown}
Potions
 d - 5 potions of brilliance {unknown}
 g - 2 potions of berserk rage {unknown}
 h - a potion of lignification {unknown}
 i - a potion of heal wounds {unknown}
 j - a potion of degeneration {unknown}
 m - a potion of haste {unknown}
 n - a potion of mutation {unknown}
 o - a potion of flight {unknown}
 p - a potion of cancellation {unknown}
 q - a potion of might {unknown}


   Skills:
 + Level 5.4 Fighting
 + Level 7.2 Axes
 + Level 5.9 Armour
 + Level 3.2 Dodging
 + Level 1.0 Stealth


You had 6 spell levels left.
You didn't know any spells.
Your spell library was empty.

Dungeon Overview and Level Annotations

Branches:
Dungeon (7/15)             Temple (0/1) D:4

Altars:
Wu Jian
The Shining One

Shops:
D:1 :   D:3 (


Innate Abilities, Weirdness & Mutations

You have a pair of horns on your head.
You reflexively headbutt those who attack you in melee.


Message History

You hit the centaur. Your headbutt misses the centaur.
The centaur is moderately wounded.
The centaur hits you but does no damage.
The centaur kicks you but does no damage.
You slash the centaur!
You kill the centaur!
Trog accepts your kill.
Your Stealth skill increases to level 1!
You are no longer berserk.
You are exhausted.
You feel yourself slow down.
Things that are here:
a +0 shortbow; a centaur corpse You hit the ice beast but do no damage.
The ice beast hits you. The ice beast freezes you!
* * * LOW HITPOINT WARNING * * *
You hit the ice beast.
The ice beast is lightly wounded.
The ice beast hits you but does no damage.
You hit the ice beast.
The ice beast is lightly wounded.
The ice beast hits you but does no damage. x2
You barely miss the ice beast.
You headbutt the ice beast, but do no damage.
The ice beast is lightly wounded.
The ice beast closely misses you.
You barely miss the ice beast. Your headbutt misses the ice beast.
The ice beast is lightly wounded.
The ice beast hits you.
* * * LOW HITPOINT WARNING * * *
The ice beast freezes you!
* * * LOW HITPOINT WARNING * * *
The ice beast closely misses you.
You barely miss the ice beast.
The ice beast is lightly wounded.
The ice beast hits you but does no damage.
You barely miss the ice beast. You headbutt the ice beast.
The ice beast is lightly wounded.
The ice beast barely misses you. The ice beast hits you.
You die...

..........#
..........#
..........#
..........###
............#
............#
............#####
....<...)........
.........@.......
.<........Y......
##+#.##..>.......
#. #.......... #
#..........
............
###.........#
###.......#
####+####


You could see an ice beast.

Vanquished Creatures
  Sigmund (D:3)
  An ogre (D:3)
  A centaur (D:6)
  3 orc priests
  Ijyb (D:4)
  Natasha (thrice) (D:3)
  6 adders
  3 gnolls (D:2)
  A dart slug (D:4)
  9 orcs
  9 ball pythons
  7 endoplasms
  4 giant cockroaches
  5 goblins
  6 hobgoblins
  4 jackals (D:1)
  5 quokkas
  4 bats
  2 frilled lizards
  7 kobolds
  4 rats
86 creatures vanquished.

Vanquished Creatures (others)
  An ufetubus (D:6)
  A plant (D:1)
2 creatures vanquished.

Grand Total: 88 creatures vanquished

Notes
Turn   | Place    | Note
-------+----------+-------------------------------------------
     0 | D:1      | biggindude the Minotaur Berserker began the quest for the
                  | Orb.
     0 | D:1      | Reached XP level 1. HP: 19/19 MP: 0/0
     6 | D:1      | Found Obri Icvykh's Vocational Training.
   237 | D:1      | Reached XP level 2. HP: 13/27 MP: 1/1
   238 | D:1      | Reached skill level 4 in Axes
   862 | D:1      | Reached XP level 3. HP: 32/33 MP: 2/2
   885 | D:1      | Reached ** piety under Trog
   929 | D:1      | Found a faded altar of an unknown god.
  1365 | D:2      | Reached XP level 4. HP: 25/41 MP: 3/3
  1809 | D:3      | Found Jaroim's Antique Weapon Shoppe.
  1811 | D:3      | Noticed an ogre
  1817 | D:3      | Reached skill level 5 in Axes
  1822 | D:3      | Killed an ogre
  1823 | D:3      | Reached XP level 5. HP: 43/47 MP: 4/4
  2109 | D:3      | Noticed Natasha
  2117 | D:3      | Killed Natasha
  2241 | D:3      | Found a glowing golden altar of the Shining One.
  2262 | D:3      | Reached skill level 6 in Axes
  2270 | D:3      | Reached XP level 6. HP: 9/55 MP: 5/5
  2597 | D:3      | Noticed Sigmund
  2603 | D:3      | Killed Sigmund
  2604 | D:3      | Reached skill level 5 in Fighting
  2604 | D:3      | Reached skill level 5 in Armour
  2644 | D:3      | Noticed Natasha
  2649 | D:3      | Killed Natasha
  2700 | D:3      | Noticed Natasha
  2718 | D:3      | Killed Natasha
  2719 | D:3      | Reached XP level 7. HP: 61/61 MP: 6/6
  2840 | D:4      | Noticed Ijyb
  2843 | D:4      | Paralysed by Ijyb for 4 turns
  2858 | D:4      | Paralysed by Ijyb for 2 turns
  2865 | D:4      | Paralysed by Ijyb for 2 turns
  2868 | D:4      | Killed Ijyb
  2880 | D:4      | Found an ornate altar of the Wu Jian Council.
  2941 | D:4      | Found a staircase to the Ecumenical Temple.
  2976 | D:4      | You fall into a shaft and drop 3 floors!
  3021 | D:6      | Reached skill level 7 in Axes
  3028 | D:6      | Reached skill level 1 in Stealth
  3034 | D:6      | HP: 1/61 [ice beast (11)]
  3036 | D:6      | Slain by an ice beast

Illustrated notes

Levels and vault maps discovered:
D:1:      minmay_arrival_four_circles, layout_rooms,
          shapermc_ecumenical_altar_flowoftime, chequers_mini_garden,
          nicolae_shop_vocational
D:2:      layout_basic, corexii_leaking_fountain, serial_park_tiny_pond
D:3:      layout_rooms, mainiacjoe_overflow_24_doors, serial_shops, shop,
          grunt_ministairs_13, uniq_sigmund, uniq_natasha
D:4:      layout_loops_ring, mainiacjoe_overflow_concentric_impassable,
          minmay_temple_entry_slanted, uniq_ijyb
D:6:      minmay_recursive_quarters, layout_basic, grunt_gozag_breadcrumbs
D:7:      layout_cave_pools

Skill      XL: |  1  2  3  4  5  6  7 |
---------------+----------------------+-----
Axes           | 4 5 6 7 |  7.2
Fighting       | 4 5 |  5.4
Armour         | 3 4 5 |  5.9
Dodging        | 3 |  3.2
Stealth        | 1 |  1.0

Action                   |  1- 3 |  4- 6 |  7- 9 || total
-------------------------+-------+-------+-------++-------
Melee: Hand axe          |    78 |    84 |    52 ||   214
       Headbutt          |    13 |    15 |     9 ||    37
       Punch             |       |       |     1 ||     1
Invok: Berserk           |     1 |     3 |     2 ||     6
Armor: Animal skin       |     2 |       |       ||     2
       Scale mail        |    20 |    33 |    40 ||    93
Dodge: Dodged            |    44 |    40 |    21 ||   105

Table legend: (Time is in decaauts)
 A = Elapsed time spent in this place.
 B = Non-inter-level travel time spent in this place.
 C = Inter-level travel time spent in this place.
 D = Time resting spent in this place.
 E = Time spent auto-exploring this place.
 F = Levels seen in this place.
 G = Mean time per level.
                   A        B        C        D        E       F      G
               +--------+--------+--------+--------+--------+-----+--------+
         Total |   3099 |   3033 |     66 |    344 |   2177 |   6 |  516.5 |
       Dungeon |   3099 |   3033 |     66 |    344 |   2177 |   6 |  516.5 |
               +--------+--------+--------+--------+--------+-----+--------+

Top non-repeatable levels by time:
     D:3: 1087 daAuts
     D:1: 1058 daAuts
     D:2: 752 daAuts
     D:4: 141 daAuts
     D:7: 40 daAuts
     D:6: 19 daAuts
